 Dungeon Crawl Stone Soup version 0.29-a0-323-g050149af67 (webtiles) character file.

Game seed: 10739492332700071137

80 Jortsu the Covered (level 4, -4/28 HPs)
             Began as a Tengu Fighter on Apr 10, 2022.
             Slain by a gnoll
             ... wielding a +0 whip
              (5 damage)
             ... on level 2 of the Dungeon.
             The game lasted 00:02:16 (2104 turns).

Jortsu the Covered (Tengu Fighter)                  Turns: 2104, Time: 00:02:17

Health: -4/28      AC:  7    Str: 23    XL:     4   Next: 39%
Magic:  14/14      EV:  9    Int:  8    God:
Gold:   97         SH:  4    Dex: 13    Spells: 3/3 levels left

rFire   . . .      SeeInvis .   a - +0 long sword
rCold   . . .      Faith    .   c - +0 buckler
rNeg    . . .      Spirit   .   f - +0 scale mail of the Orcish Mines {MP+9 Str+4}
rPois   .          Reflect  .   (helmet restricted)
rElec   .          Harm     .   (no cloak)
rCorr   .          Rampage  .   (no gloves)
Will    +....                   (boots unavailable)
Stlth   ..........              (no amulet)
HPRegen 0.09/turn               h - ring of willpower
MPRegen 0.14/turn               (no ring)

@: no status effects
A: beak, talons 3
a: no special abilities


You were on level 2 of the Dungeon.
You visited 1 branch of the dungeon, and saw 2 of its levels.

You collected 97 gold pieces.

Inventory:

Hand Weapons
 a - a +0 long sword (weapon)
Armour
 c - a +0 buckler (worn)
 f - the +0 scale mail of the Orcish Mines (worn) {MP+9 Str+4}
   (You found it on level 2 of the Dungeon)

   Str:       It affects your strength (+4).
   MP:        It affects your magic capacity (+9).
Jewellery
 h - a ring of willpower (left hand)
Scrolls
 e - 3 scrolls of identify
 i - a scroll of blinking {unknown}
 j - a scroll of summoning {unknown}
Potions
 b - a potion of resistance {unknown}
 d - 4 potions of might
 g - a potion of curing


   Skills:
 + Level 3.5 Fighting
 + Level 3.3 Long Blades
 + Level 4.1 Armour
 + Level 0.1 Stealth
 + Level 3.2 Shields


You had 3 spell levels left.
You didn't know any spells.
Your spell library contained the following spells:

 Spells                   Type           Power      Damage    Failure   Level
 Magic Dart               Conj           0%         1d3       80%         1
 Searing Ray              Conj           0%         2d4       91%         2
 Fulminant Prism          Conj/Hex       0%         3d6       100%        4


Dungeon Overview and Level Annotations

Branches:
Dungeon (2/15)

Altars:


Innate Abilities, Weirdness & Mutations

You have a beak for a mouth.
You have claws for feet.


Message History

You hit the gnoll but do no damage. You claw the gnoll.
The gnoll is almost dead.
The gnoll closely misses you. The gnoll hits you with a +0 flail!
You hit the gnoll.
You kill the gnoll!
The gnoll hits you from afar with a +0 spear.
A gnoll comes into view. It is wielding a +0 whip.
The gnoll hits you with a +0 club. The gnoll barely misses you.
The gnoll closely misses you.
Your Armour skill increases to level 4!
You closely miss the gnoll.
The gnoll shouts!
You claw the gnoll.
You kill the gnoll!
The gnoll completely misses you. The gnoll hits you but does no damage.
You block the gnoll's attack.
You see here a +0 flail.
You closely miss the gnoll. You claw the gnoll.
You peck the gnoll, but do no damage.
The gnoll is lightly wounded.
The gnoll hits you with a +0 whip!
* * * LOW HITPOINT WARNING * * *
The gnoll hits you with a +0 spear.
* * * LOW HITPOINT WARNING * * *
You hit the gnoll. You claw the gnoll, but do no damage.
Your peck misses the gnoll.
The gnoll is heavily wounded.
You block the gnoll's attack. The gnoll barely misses you.
You hit the gnoll but do no damage. Your kick misses the gnoll.
Your peck misses the gnoll.
The gnoll is heavily wounded.
The gnoll hits you with a +0 whip.
* * * LOW HITPOINT WARNING * * *
The gnoll hits you with a +0 spear.
* * * LOW HITPOINT WARNING * * *
The gnoll closely misses you. The gnoll hits you but does no damage.
You barely miss the gnoll. You claw the gnoll, but do no damage.
The gnoll is heavily wounded.
The gnoll hits you with a +0 whip.
You die...

#.# #.##.# #.##.#
######### #.##.#
.......# ..##.#
###.....# #########
..##.# .........
#.......# ..##.#
#.....# #.......#
..#).### #...gg#
#.......# .<.....#
#...)@# #.......#
..)#)#.#
#.....########.......#
....⌠..#
#....................#
..#...##
##############.......#
.....##
######..............#
..####
#...................#
#.#
#.####.###########.##
#.# #.# #.# #.....>.
#.# #.# #.# #.......


You could see 2 gnolls.

Vanquished Creatures
  An adder (D:2)
  2 gnolls (D:2)
  A worm (D:2)
  3 dart slugs
  4 ball pythons
  2 bats (D:1)
  An endoplasm (D:1)
  A giant cockroach (D:2)
  5 goblins
  6 hobgoblins
  3 jackals (D:1)
  3 quokkas
  A frilled lizard (D:1)
  5 kobolds
  3 rats
41 creatures vanquished.

Notes
Turn   | Place    | Note
-------+----------+-------------------------------------------
     0 | D:1      | Jortsu the Tengu Fighter began the quest for the Orb.
     0 | D:1      | Reached XP level 1. HP: 14/14 MP: 2/2
   266 | D:1      | Reached XP level 2. HP: 18/19 MP: 3/3
   856 | D:1      | Reached XP level 3. HP: 21/23 MP: 4/4
  1587 | D:2      | Identified the +0 scale mail of the Orcish Mines {MP+9
                  | Str+4}
  1926 | D:2      | Reached XP level 4. HP: 25/28 MP: 5/5
  2099 | D:2      | Reached skill level 4 in Armour
  2103 | D:2      | HP: 1/28 [gnoll/+0 spear (3)]
  2104 | D:2      | Slain by a gnoll

Illustrated notes

Levels and vault maps discovered:
D:1:      dpeg_arrival_stonehenge_8_columns, layout_loops_corners, minmay_tall_x
D:2:      layout_basic, hangedman_abyss_or_decor_stabs, minivault_27,
          hangedman_feature_mirror, kennysheep_generic_room_13

Skill      XL: |  1  2  3  4 |
---------------+-------------+-----
Long Blades    | 3 |  3.3
Armour         | 4 |  4.1
Fighting       | |  3.5
Stealth        | |  0.1
Shields        | |  3.2

Action                   |  1- 3 |  4- 6 || total
-------------------------+-------+-------++-------
Melee: Long sword        |    71 |    11 ||    82
       Kick              |    15 |     6 ||    21
       Peck              |    10 |     2 ||    12
  Use: Scroll            |     3 |       ||     3
Armor: Scale mail        |    42 |     3 ||    45
Dodge: Dodged            |    35 |     8 ||    43
Block: Buckler           |    14 |     3 ||    17

Table legend: (Time is in decaauts)
 A = Elapsed time spent in this place.
 B = Non-inter-level travel time spent in this place.
 C = Inter-level travel time spent in this place.
 D = Time resting spent in this place.
 E = Time spent auto-exploring this place.
 F = Levels seen in this place.
 G = Mean time per level.
                   A        B        C        D        E       F      G
               +--------+--------+--------+--------+--------+-----+--------+
         Total |   2127 |   2127 |      0 |    334 |   1446 |   2 | 1063.5 |
       Dungeon |   2127 |   2127 |      0 |    334 |   1446 |   2 | 1063.5 |
               +--------+--------+--------+--------+--------+-----+--------+

Top non-repeatable levels by time:
     D:1: 1215 daAuts
     D:2: 912 daAuts
